 Dungeon Crawl Stone Soup version 0.28-a0-1506-g3893175d92 (webtiles) character file.

Game seed: 15315526255552234527

430 HallandMoats the Shield-Bearer (level 6, 0/52 HPs)
             Began as a Ghoul Fighter on Jan 14, 2022.
             Was a Believer of Makhleb.
             Slain by Pikel (1 damage)
             ... on level 4 of the Dungeon.
             The game lasted 00:03:58 (3107 turns).

HallandMoats the Shield-Bearer (Ghoul Fighter)      Turns: 3107, Time: 00:03:58

Health: 0/52       AC: 11    Str: 20    XL:     6   Next: 99%
Magic:  7/7        EV:  8    Int:  5    God:    Makhleb [**....]
Gold:   113        SH:  5    Dex:  8    Spells: 5/5 levels left

rFire   . . .      SeeInvis +   d - +2 scythe (protect)
rCold   + . .      Faith    .   (shield currently unavailable)
rNeg    + + +      Spirit   .   o - +2 chain mail {rN+}
rPois   ∞          Reflect  +   (no helmet)
rElec   .          Harm     .   (no cloak)
rCorr   .          Rampage  .   (no gloves)
Will    .....                   (no boots)
Stlth   ..........              y - amulet of reflection
HPRegen 0.00/turn               g - ring of see invisible
MPRegen 0.10/turn               (no ring)

@: inhibited regen, studying Bows
A: claws 1, cold resistance 1, negative energy resistance 3, inhibited
regeneration, torment resistance 2
a: Renounce Religion, Minor Destruction


You were on level 4 of the Dungeon.
You worshipped Makhleb.
Makhleb was pleased with you.
You visited 1 branch of the dungeon, and saw 4 of its levels.

You collected 113 gold pieces.

Inventory:

Hand Weapons
 a - a +0 long sword
 d - a +2 scythe of protection (weapon)
Missiles
 t - a throwing net (quivered)
Armour
 c - a +0 buckler
 o - a +2 chain mail of positive energy (worn)
Jewellery
 b - an amulet of guardian spirit
 g - a ring of see invisible (left claw)
 y - an amulet of reflection (around neck)
 z - a ring of wizardry
Wands
 i - a wand of paralysis (9)
 v - a wand of iceblast (9)
Scrolls
 h - a scroll of vulnerability {unknown}
 j - a scroll of enchant weapon {unknown}
 k - a scroll of brand weapon {unknown}
 l - a scroll of blinking {unknown}
 n - a scroll of magic mapping {unknown}
 u - a scroll of identify {unknown}
 x - a scroll of enchant armour {unknown}
Potions
 e - a potion of heal wounds {unknown}
 f - 2 potions of curing
 m - 2 potions of brilliance {unknown}
 p - 2 potions of cancellation {unknown}
 q - 3 potions of attraction {unknown}
 r - a potion of invisibility {unknown}
 s - a potion of degeneration {unknown}
 w - a potion of lignification {unknown}


   Skills:
 + Level 4.1 Fighting
 + Level 2.7 Long Blades
 + Level 3.4 Armour
 + Level 1.8 Dodging
 - Level 4.1 Shields
 * Level 3.8 Invocations


You had 5 spell levels left.
You didn't know any spells.
Your spell library contained the following spells:

 Spells                   Type           Power      Damage    Failure   Level
 Summon Small Mammal      Summ           0%         N/A       99%         1
 Call Canine Familiar     Summ           0%         N/A       100%        3
 Summon Guardian Golem    Hex/Summ       0%         N/A       100%        3


Dungeon Overview and Level Annotations

Branches:
Dungeon (4/15)
 Temple: D:4-7

Altars:
Ashenzari
Makhleb
Okawaru

Shops:
D:1 *

Annotations:
D:4 Pikel


Innate Abilities, Weirdness & Mutations

You thrive by killing the living.
You are immune to poison.
You have sharp fingernails.
Your flesh is cold resistant. (rC+)
You are immune to negative energy. (rN+++)
You do not regenerate when monsters are visible.
You are immune to unholy pain and torment.


Message History

Pikel is moderately wounded.
Pikel hits you but does no damage. Pikel closely misses you.
You closely miss Pikel.
Pikel is moderately wounded.
Pikel barely misses you. Pikel hits you but does no damage.
You barely miss Pikel.
Pikel is moderately wounded.
Pikel closely misses you. Pikel hits you but does no damage.
You barely miss Pikel.
Pikel is moderately wounded.
Pikel hits you but does no damage.
Pikel hits you with a +0 whip of flaming.
* * * LOW HITPOINT WARNING * * *
Pikel burns you.
* * * LOW HITPOINT WARNING * * *
It was a potion of curing.
You feel better. Pikel hits you but does no damage.
You slash Pikel!
Your weapon exudes an aura of protection.
Pikel is severely wounded.
You block Pikel's attack. Pikel hits you but does no damage.
You closely miss Pikel.
Pikel is severely wounded.
Pikel hits you but does no damage.
Pikel hits you with a +0 whip of flaming.
* * * LOW HITPOINT WARNING * * *
Pikel burns you.
* * * LOW HITPOINT WARNING * * *
You closely miss Pikel.
Pikel is severely wounded.
You block Pikel's attack. Pikel hits you but does no damage.
You closely miss Pikel.
Pikel is severely wounded.
Pikel hits you with a +0 whip of flaming.
* * * LOW HITPOINT WARNING * * *
Pikel burns you.
* * * LOW HITPOINT WARNING * * *
Pikel hits you with a +0 whip of flaming.
* * * LOW HITPOINT WARNING * * *
Pikel burns you.
You die...

########## #........#
#........# ## #........#
... # #........# .... #
#........# ..... ##
###.##.#.####...... .##
##......#.@K55...... ..#
#..#..######5......" #.#
#.##..# #..##<... #.#
#.#...######.... ...
#.#####.#.............. .
#..##>....#.###.######...
##......###.# ...
##....### #.. ## .....###
##..#


You could see Pikel and 3 lemures.

Vanquished Creatures
  Sigmund (D:2)
  A hound (D:4)
  A jelly (D:4)
  Terence (D:2)
  An orc wizard (D:2)
  4 gnolls (D:4)
  6 adders
  An adder skeleton (D:4)
  4 worms
  3 dart slugs (D:1)
  4 orcs
  5 endoplasms
  7 giant cockroaches
  6 goblins
  3 hobgoblins
  6 kobolds
  A quokka (D:3)
  2 ball pythons
  3 bats
  A frilled lizard (D:1)
  7 rats
68 creatures vanquished.

Notes
Turn   | Place    | Note
-------+----------+-------------------------------------------
     0 | D:1      | HallandMoats the Ghoul Fighter began the quest for the Orb.
     0 | D:1      | Reached XP level 1. HP: 19/19 MP: 0/0
   129 | D:1      | Reached XP level 2. HP: 26/26 MP: 1/1
   185 | D:1      | Found Bisoo's Assorted Antiques.
   207 | D:1      | Reached skill level 1 in Invocations
   681 | D:2      | Found a broken altar of Ashenzari.
   692 | D:2      | Reached XP level 3. HP: 31/31 MP: 1/3
   806 | D:2      | Found a faded altar of an unknown god.
   806 | D:2      | Noticed a golden eye
   812 | D:2      | Noticed an eye of devastation
   817 | D:2      | Noticed a golden eye
   817 | D:2      | Noticed a shining eye
   822 | D:2      | Prayed at the altar of an unknown god.
   822 | D:2      | Became a worshipper of Makhleb the Destroyer
   822 | D:2      | Reached * piety under Makhleb
   884 | D:2      | Noticed Sigmund
   900 | D:2      | HP: 1/31 [Sigmund (5)]
   903 | D:2      | Killed Sigmund
   904 | D:2      | Reached skill level 1 in Dodging
   904 | D:2      | Reached XP level 4. HP: 4/40 MP: 3/5
   904 | D:2      | Reached XP level 5. HP: 5/46 MP: 3/6
  1244 | D:2      | Noticed Terence
  1252 | D:2      | Killed Terence
  1256 | D:2      | Reached XP level 6. HP: 27/52 MP: 7/7
  2445 | D:3      | Found an iron altar of Okawaru.
  2462 | D:3      | Reached ** piety under Makhleb
  3081 | D:4      | Noticed Pikel
  3107 | D:4      | HP: 2/52 [Pikel (2)]
  3107 | D:4      | Slain by Pikel

Illustrated notes

Levels and vault maps discovered:
D:1:      psy_arrival_terrarium, layout_rooms, serial_shops,
          nicolae_diamond_shop
D:2:      layout_basic, basic_altar, hellmonk_ecumenical_altar_watching_god,
          minmay_misc_feat_roman, amethyst_killhole,
          minmay_randomly_rotated_circles, uniq_terence, uniq_sigmund
D:3:      layout_rooms, nicolae_overflow_hidden_temple
D:4:      layout_rooms, minivault_1, uniq_pikel

Skill      XL: |  1  2  3  4  5  6 |
---------------+-------------------+-----
Invocations    | 1 2 3 |  3.8
Shields        | 3 4 |  4.1
Long Blades    | 2 |  2.7
Armour         | 3 |  3.4
Dodging        | 1 |  1.8
Fighting       | 4 |  4.1

Action                   |  1- 3 |  4- 6 || total
-------------------------+-------+-------++-------
Melee: Long sword        |    65 |       ||    65
       Scythe            |       |   176 ||   176
  Use: Potion            |     1 |     1 ||     2
Armor: Scale mail        |    27 |     3 ||    30
       Chain mail        |       |   169 ||   169
Dodge: Dodged            |    51 |   113 ||   164
Block: Buckler           |    14 |       ||    14
       Other             |       |     5 ||     5

Table legend: (Time is in decaauts)
 A = Elapsed time spent in this place.
 B = Non-inter-level travel time spent in this place.
 C = Inter-level travel time spent in this place.
 D = Time resting spent in this place.
 E = Time spent auto-exploring this place.
 F = Levels seen in this place.
 G = Mean time per level.
                   A        B        C        D        E       F      G
               +--------+--------+--------+--------+--------+-----+--------+
         Total |   3302 |   3237 |     65 |    449 |   2080 |   4 |  825.5 |
       Dungeon |   3302 |   3237 |     65 |    449 |   2080 |   4 |  825.5 |
               +--------+--------+--------+--------+--------+-----+--------+

Top non-repeatable levels by time:
     D:2: 1785 daAuts
     D:3: 535 daAuts
     D:4: 522 daAuts
     D:1: 459 daAuts
